AoeStats
← Hitokirivan

Arabia

505022679Analyzed
1v1 RM · 26d ago on Sep 7, 2026· 28m 41s· 2 players
Game mode
Random Map
Map size
Tiny (2 player)
Population
200
Speed
Normal
Resources
Standard
Victory
Conquest
Starting age
Dark Age
Ending age
Imperial Age
RankedLock teamsTeams togetherTeam positionsShared explorationLock speedFull tech treeHidden civsTurbo modeCheats
Victory
Defeat
🇹🇷 Saracens · Türkiye
1023
+15
🇵🇪 Huns · Peru
1003
-15
Hitokirivan
6:12 Loom
9:39 Feudal Age
10:17 Double-Bit Axe
17:15 Gold Mining
20:12 Castle Age
19:05 Horse Collar
20:25 Bloodlines
21:16 Bow Saw
21:11 Heavy Plow
21:28 Husbandry
22:39 Gold Shaft Mining
abdullahmandal11
10:44 Feudal Age
9:00 Loom
20:32 Castle Age
18:24 Horse Collar
19:59 Forging
20:44 Scale Barding Armor
20:53 Gold Mining
24:30 Husbandry
26:49 Fletching
27:00 Padded Archer Armor
Connection lost

Rejoining the realm…

Still unreachable

The connection could not be restored.

Session expired

The server has moved on; the page needs a fresh start.